 Dungeon Crawl Stone Soup version 0.23-a0-558-g30802b1 (webtiles) character file.

144 zishaf the Gusty (level 5, -1/35 HPs)
             Began as a Demonspawn Air Elementalist on Dec 13, 2018.
             Slain by an orc wizard
             ... wielding a +0 dagger
              (3 damage)
             ... on level 3 of the Dungeon.
             The game lasted 00:06:35 (2485 turns).

zishaf the Gusty (Demonspawn Air Elementalist)      Turns: 2485, Time: 00:06:35

Health: -1/35      AC:  4    Str:  8    XL:     5   Next: 5%
Magic:  1/8        EV: 13    Int: 18    God:
Gold:   152        SH:  0    Dex: 13    Spells: 3/8 levels left

rFire    . . .     SeeInvis .   d - staff of energy
rCold    . . .     Gourm    .   (no shield)
rNeg     . . .     Faith    .   a - +0 robe
rPois    .         Spirit   .   (no helmet)
rElec    .         Reflect  .   (no cloak)
rCorr    .         Harm     .   (no gloves)
MR       .....                  (no boots)
Stlth    ++........             (no amulet)
HPRegen  0.11/turn              (no ring)
MPRegen  0.11/turn              (no ring)

@: no status effects
A: talons 2, iridescent scales 1, powered by pain 1
a: no special abilities


You were on level 3 of the Dungeon.
You were hungry.

You visited 1 branch of the dungeon, and saw 3 of its levels.

You collected 152 gold pieces.

Inventory:

Armour
 a - a +0 robe (worn)
Magical Staves
 d - an uncursed staff of energy (weapon)
Wands
 h - a wand of paralysis (3)
Scrolls
 b - a scroll of identify {unknown}
 e - a scroll of magic mapping {unknown}
 k - 3 scrolls of remove curse {unknown}
Potions
 f - a potion of flight {unknown}
 g - 4 potions of curing {unknown}
 i - a potion of mutation {unknown}
Comestibles
 c - 5 rations
 j - 4 chunks of flesh


   Skills:
 + Level 3.1 Dodging
 - Level 1.7 Stealth
 - Level 2.0 Spellcasting
 + Level 2.8 Conjurations
 + Level 3.7 Air Magic


You had 3 spell levels left.
You knew the following spells:

 Your Spells              Type           Power        Failure   Level  Hunger
a - Shock                 Conj/Air       ##..         4%          1    None
b - Airstrike             Air            ###.......   36%         4    None

Your spell library contained the following spells:

 Spells                   Type           Power        Failure   Level  Hunger
 Swiftness                Chrm/Air       #.......     13%         2    None
 Static Discharge         Conj/Air       ##......     14%         3    None
 Lightning Bolt           Conj/Air       ##........   78%         5    None


Dungeon Overview and Level Annotations

Branches:
Dungeon (3/15)

Altars:

Annotations:
D:3 2 transporters


Innate Abilities, Weirdness & Mutations

You have razor-sharp toenails.
You are partially covered in iridescent scales. (AC +2)
You sometimes gain a little power by taking damage.


Message History

Confirm with . or Enter, or press ? or * to list all spells.
Aiming: Shock (safe; 4% risk of failure)
Press: ? - help, Shift-Dir - straight line, p - orc The zap hits the orc.
The orc is almost dead.
Casting: Shock (safe; 4% risk of failure)
Confirm with . or Enter, or press ? or * to list all spells.
Aiming: Shock (safe; 4% risk of failure)
Press: ? - help, Shift-Dir - straight line The zap hits the orc.
You kill the orc!
You are feeling hungry.
Something hits you.
* * * LOW HITPOINT WARNING * * *
Casting: Shock (safe; 4% risk of failure)
Confirm with . or Enter, or press ? or * to list all spells.
Aiming: Shock (safe; 4% risk of failure)
Press: ? - help, Shift-Dir - straight line The zap hits something.
Something hits you.
You die...

######..#..#
.©.P8#.....####
./..P#........+
#+####.....÷###
...≈5#..#.#.#
≈...≈.#..###)# ≈≈≈P≈.#..#
#.# ≈≈⌠≈≈o#..# #.# #+#
≈≈≈≈≈.#..# #@# #.#
≈...≈o#..###.# #.#
≈...≈5#......# ##.##
##+####..##########...##
..(..≈#................#
P$©$P8#.###.###.#.#...#####
#######.# #.#
#...........### ..©.....#
#.# ###.##.##..<.).
#...#####
#.#####.##.##...###


There were no monsters in sight!

Vanquished Creatures
  2 orc wizards (D:3)
  2 adders
  2 oozes (D:2)
  2 worms (D:2)
  2 dart slugs
  A leopard gecko (D:2)
  An orc (D:3)
  2 giant cockroaches
  3 hobgoblins
  A quokka (D:2)
  A ball python (D:2)
  7 bats
  A frilled lizard (D:2)
  6 goblins (D:1)
  10 kobolds
  10 rats (D:1)
53 creatures vanquished.

Notes
Turn   | Place    | Note
-------+----------+-------------------------------------------
     0 | D:1      | zishaf the Demonspawn Air Elementalist began the quest for
                  | the Orb.
     0 | D:1      | Reached XP level 1. HP: 13/13 MP: 3/3
   169 | D:1      | Gained mutation: You are partially covered in iridescent
                  | scales. (AC +2) [demonic ancestry]
   169 | D:1      | Reached XP level 2. HP: 19/19 MP: 0/5
   979 | D:1      | Gained mutation: You have sharp toenails. [demonic
                  | ancestry]
   979 | D:1      | Reached XP level 3. HP: 24/24 MP: 0/6
  2307 | D:3      | Gained mutation: You have razor-sharp toenails. [demonic
                  | ancestry]
  2307 | D:3      | Reached XP level 4. HP: 30/30 MP: 4/7
  2381 | D:3      | Learned a level 4 spell: Airstrike
  2403 | D:3      | Found a transporter.
  2423 | D:3      | Found a transporter.
  2449 | D:3      | Gained mutation: You sometimes gain a little power by
                  | taking damage. [demonic ancestry]
  2449 | D:3      | Reached XP level 5. HP: 29/35 MP: 1/8
  2469 | D:3      | HP: 1/35 [something (4)]
  2485 | D:3      | Slain by an orc wizard

Vault maps used:
D:1:      dpeg_arrival_ratfight
D:2:      nicolae_overflow_hidden_temple, first_ration
D:3:      gammafunk_wand_slinger, ebering_ghost_disaster_area,
          makhleb_altar_promises_db

Skill      XL: |  1  2  3  4 |
---------------+-------------+-----
Dodging        | 2 3 |  3.1
Air Magic      | 3 |  3.7
Conjurations   | 2 |  2.8
Stealth        | |  1.7
Spellcasting   | |  2.0

Action                   |  1- 3 |  4- 6 || total
-------------------------+-------+-------++-------
Melee: Unarmed           |     9 |       ||     9
       Staff             |    28 |     7 ||    35
       Kick              |     4 |       ||     4
 Cast: Shock             |    90 |    17 ||   107
 Stab: Sleeping          |     2 |       ||     2
  Eat: Chunk             |     5 |       ||     5
Armor: Robe              |    16 |     3 ||    19
Dodge: Dodged            |    50 |     2 ||    52

Table legend:
 A = Non-vault XP
 B = Vault XP
 C = Vault XP percentage of total XP
 D = Non-vault monster count
 E = Vault monster count
 F = Vault count percentage of total count
                 A         B        C        D         E       F
            +---------+---------+-------+---------+---------+-------
      Total |     201 |       5 |   2.4 |      48 |       5 |   9.4
            +---------+---------+-------+---------+---------+-------
        D:1 |      31 |       5 |  13.9 |      21 |       5 |  19.2
        D:2 |      60 |       0 |   0.0 |      19 |       0 |   0.0
        D:3 |     110 |       0 |   0.0 |       8 |       0 |   0.0
            +---------+---------+-------+---------+---------+-------
